 Dungeon Crawl Stone Soup version 0.25-a0-617-g20d90ebb82 (webtiles) character file.

Game seed: 12068038974175463611, levelgen mode: deterministic

191714 Emblim88 the Blocker (level 18, -3/143 HPs)
             Began as a Gnoll Fighter on Mar 16, 2020.
             Was an Initiate of Gozag.
             Slain by an acid blob (35 damage)
             ... on level 1 of the Pits of Slime on Mar 18, 2020.
             The game lasted 02:31:18 (43309 turns).

Emblim88 the Blocker (Gnoll Fighter)               Turns: 43309, Time: 02:31:19

Health: -3/143     AC:  9    Str: 27    XL:     18   Next: 21%
Magic:  33/33      EV: 14    Int:  8    God:    Gozag
Gold:   4807       SH: 16    Dex: 16    Spells: 9/40 levels left

rFire    + . .     SeeInvis +   I - +11 long sword of Income {holy, rElec Str+3}
rCold    + + .     Gourm    .   m - +2 kite shield
rNeg     . . .     Faith    .   i - +6 gold dragon scales of Indomitability {rElec rPois rF+ rC+ Int-4 Stlth+}
rPois    +         Spirit   .   d - +2 hat of the True Pharaoh {rElec rC+ MR+}
rElec    +         Reflect  .   Q - +2 cloak of the Thief {+Fog Slay-2 SInv Stlth+}
rCorr    +         Harm     .   O - +3 pair of gauntlets of War {Slay+5}
MR       ++...     Rnd*Rage +   y - +0 pair of boots
Stlth    ..........             l - amulet of rage
HPRegen  0.33/turn              K - +2 ring of evasion
MPRegen  0.23/turn              R - ring of resist corrosion

@: corroded
A: distributed training, fangs 1, berserk 1, subdued magic 1, strong nose
}: 1/15 runes: serpentine
a: Potion Petition, Call Merchant, Bribe Branch, Renounce Religion, Evoke Fog,
Evoke Berserk Rage


You were on level 1 of the Pits of Slime.
You worshipped Gozag.
Gozag was most pleased with you.
You were near starving.

You visited 6 branches of the dungeon, and saw 29 of its levels.
You also visited: Sewer, Ice Cave and Volcano.

You collected 11866 gold pieces.
You spent 6330 gold pieces at shops.
You paid 729 gold pieces to Gozag.

Inventory:

Hand Weapons
 t - the +10 trident "Guawee" {vorpal, MP+9 Int+4 Stlth+}
   (You bought it in a shop on level 2 of the Orcish Mines)

   It inflicts extra damage upon your enemies.
   It affects your intelligence (+4).
   It affects your magic capacity (+9).
   It makes you more stealthy.
 G - the +1 hand crossbow of Pestilence {freeze, Dex+4}
   (You found it on level 2 of the Lair of Beasts)

   It causes projectiles fired from it to freeze those they strike, causing
   extra injury to most foes and up to half again as much damage against
   particularly susceptible opponents.
   They can also slow down cold-blooded creatures.
   It affects your dexterity (+4).
 I - the +11 long sword of Income (weapon) {holy, rElec Str+3}
   (You found it on level 2 of the Lair of Beasts)

   It has been blessed by the Shining One to cause great damage to the undead
   and demons.
   It affects your strength (+3).
   It insulates you from electricity.
Missiles
 j - 91 bolts
 x - 39 poisoned darts (quivered)
Armour
 d - the +2 hat of the True Pharaoh (worn) {rElec rC+ MR+}
   (You acquired it on level 2 of the Lair of Beasts)

   It protects you from cold.
   It insulates you from electricity.
   It affects your resistance to hostile enchantments.
 i - the +6 gold dragon scales of Indomitability (worn) {rElec rPois rF+ rC+ Int-4 Stlth+}
   (You bought it in a shop on level 2 of the Snake Pit)

   It affects your intelligence (-4).
   It protects you from fire.
   It protects you from cold.
   It insulates you from electricity.
   It protects you from poison.
   It makes you more stealthy.
 m - a +2 kite shield (worn)
 y - a +0 pair of boots (worn)
 O - the +3 pair of gauntlets of War (worn) {Slay+5}
   (You found it on level 6 of the Lair of Beasts)

   It affects your accuracy and damage with ranged weapons and melee attacks
   (+5).
 Q - the +2 cloak of the Thief (worn) {+Fog Slay-2 SInv Stlth+}
   (You bought it in a shop on level 1 of the Orcish Mines)

   It affects your accuracy and damage with ranged weapons and melee attacks
   (-2).
   It lets you see invisible.
   It makes you more stealthy.
Jewellery
 b - a +5 ring of protection
 l - an amulet of rage (around neck)
 E - an uncursed ring of protection from fire
 K - a +2 ring of evasion (left hand)
 R - a ring of resist corrosion (right hand)
Wands
 c - a wand of flame (14)
 o - a wand of digging (5)
 q - a wand of polymorph (8)
 F - a wand of acid (6)
 L - a wand of iceblast (10)
 M - a wand of paralysis (7)
 S - a wand of enslavement (9)
Scrolls
 a - a scroll of holy word {unknown}
 h - 3 scrolls of teleportation
 k - 9 scrolls of remove curse
 r - 6 scrolls of magic mapping
 s - 4 scrolls of identify
 w - a scroll of acquirement
 z - 7 scrolls of immolation
 B - 4 scrolls of amnesia
 C - 5 scrolls of enchant weapon
 J - 5 scrolls of enchant armour
 N - a scroll of silence
 U - a scroll of brand weapon
 V - 4 scrolls of fog
Potions
 e - 5 potions of resistance
 g - 4 potions of heal wounds
 n - 5 potions of brilliance
 p - 2 potions of ambrosia
 v - 3 potions of magic
 A - 5 potions of stabbing
 D - 2 potions of cancellation
 H - 2 potions of mutation
 P - a potion of might
Miscellaneous
 u - a lightning rod (4/4)
 W - a lamp of fire
 Y - a phial of floods
Comestibles
 f - 5 rations


   Skills:
 + Level 13.2 Fighting
 + Level 11.8 Short Blades
 + Level 11.8 Long Blades
 + Level 11.8 Axes
 + Level 12.6 Maces & Flails
 + Level 11.8 Polearms
 + Level 11.8 Staves
 + Level 11.8 Slings
 + Level 11.8 Bows
 + Level 11.8 Crossbows
 + Level 11.8 Throwing
 + Level 13.2 Armour
 + Level 11.8 Dodging
 + Level 11.8 Stealth
 + Level 13.2 Shields
 + Level 11.8 Unarmed Combat
 + Level 11.8 Spellcasting
 + Level 10.1 Conjurations
 + Level 10.1 Hexes
 + Level 10.1 Charms
 + Level 10.1 Summonings
 + Level 10.1 Necromancy
 + Level 10.1 Translocations
 + Level 10.1 Transmutations
 + Level 10.1 Fire Magic
 + Level 10.1 Ice Magic
 + Level 10.1 Air Magic
 + Level 10.1 Earth Magic
 + Level 10.1 Poison Magic
 + Level 12.8 Invocations
 + Level 11.8 Evocations


You had 9 spell levels left.
You knew the following spells:

 Your Spells              Type           Power        Failure   Level  Hunger
a - Blink                 Tloc           N/A          8%          2    #......
b - Ensorcelled Hibernat  Hex/Ice        ###...       8%          2    #......
c - Mephitic Cloud        Conj/Pois/Air  ###.....     16%         3    ##.....
d - Cause Fear            Hex            ###.......   50%         4    ####...
e - Frozen Ramparts       Ice            ###...       16%         3    ##.....
f - Slow                  Hex            ###.....     8%          2    #......
g - Leda's Liquefaction   Hex/Erth       ###.......   50%         4    ####...
h - Hailstorm             Conj/Ice       ###.....     50%         4    ####...
i - Infusion              Chrm           ###.         4%          1    None
j - Song of Slaying       Chrm           ###.....     8%          2    #......
k - Shroud of Golubria    Chrm/Tloc      ###...       8%          2    #......
l - Swiftness             Chrm/Air       ###.....     8%          2    #......

Your spell library contained the following spells:

 Spells                   Type           Power        Failure   Level  Hunger
 Corona                   Hex            ###....      4%          1    None
 Freeze                   Ice            ###.         4%          1    None
 Magic Dart               Conj           ###.         4%          1    None
 Shock                    Conj/Air       ###.         4%          1    None
 Sting                    Tmut/Pois      ###.         4%          1    None
 Summon Small Mammal      Summ           ###.         4%          1    None
 Call Imp                 Summ           ###.....     8%          2    #......
 Poisonous Vapours        Pois/Air       ###...       8%          2    #......
 Call Canine Familiar     Summ           ###.....     16%         3    ##.....
 Confusing Touch          Hex            ###.....     16%         3    ##.....
 Conjure Flame            Conj/Fire      ###.....     16%         3    ##.....
 Dazzling Flash           Conj/Hex       ###...       16%         3    ##.....
 Ignite Poison            Fire/Tmut/Pois ###.....     16%         3    ##.....
 Inner Flame              Hex/Fire       ###.....     16%         3    ##.....
 Ozocubu's Armour         Chrm/Ice       ###.....     16%         3    ##.....
 Portal Projectile        Hex/Tloc       ###...       16%         3    ##.....
 Recall                   Summ/Tloc      N/A          16%         3    ##.....
 Spectral Weapon          Hex/Chrm       ###.....     16%         3    ##.....
 Static Discharge         Conj/Air       ###.....     16%         3    ##.....
 Summon Guardian Golem    Hex/Summ       ###.....     16%         3    ##.....
 Tukima's Dance           Hex            ###.....     16%         3    ##.....
 Airstrike                Air            ###.......   50%         4    ####...
 Ice Form                 Ice/Tmut       ###.....     50%         4    ####...
 Olgreb's Toxic Radiance  Pois           ###.....     50%         4    ####...
 Summon Ice Beast         Ice/Summ       ###.....     50%         4    ####...
 Summon Lightning Spire   Summ/Air       ###.....     50%         4    ####...
 Aura of Abjuration       Summ           ###.......   85%         5    ######.
 Bolt of Magma            Conj/Fire/Erth ###.......   85%         5    ######.
 Iskenderun's Battlesphe  Conj/Chrm      ###.....     85%         5    ######.
 Lightning Bolt           Conj/Air       ###.......   85%         5    ######.
 Metabolic Englaciation   Hex/Ice        ###.......   85%         5    ######.
 Silence                  Hex/Air        ###.......   85%         5    ######.
 Summon Demon             Summ           ###.......   85%         5    ######.
 Summon Forest            Summ/Tloc      ###.......   85%         5    ######.
 Summon Mana Viper        Hex/Summ       ###.....     85%         5    ######.
 Yara's Violent Unravell  Hex/Tmut       ###.......   85%         5    ######.
 Conjure Ball Lightning   Conj/Air       ###.......   100%        6    #######
 Deflect Missiles         Chrm/Air       ###.......   100%        6    #######
 Freezing Cloud           Conj/Ice/Air   ###.......   100%        6    #######
 Iron Shot                Conj/Erth      ###.......   100%        6    #######
 Ozocubu's Refrigeration  Ice            ###.......   100%        6    #######
 Shadow Creatures         Summ           N/A          100%        6    #######
 Simulacrum               Ice/Necr       ###.......   100%        6    #######
 Statue Form              Tmut/Erth      ###......    100%        6    #######
 Orb of Destruction       Conj           ###.......   100%        7    #######
 Spellforged Servitor     Conj/Summ      ###.......   100%        7    #######
 Discord                  Hex            ###.......   100%        8    #######
 Shatter                  Erth           ###.......   100%        9    #######
 Tornado                  Air            ###.......   100%        9    #######


Dungeon Overview and Level Annotations

Branches:
Dungeon (15/15)            Temple (1/1) D:5            Lair (6/6) D:9
  Swamp (0/4) Lair:3        Snake (4/4) Lair:4        Slime (1/5) Lair:5
    Orc (2/2) D:10            Elf (0/3) Orc:2        Vaults (0/5) D:13
 Depths (0/5) D:15          Sewer (visited)           IceCv (visited)
Volcano (visited)

Altars:
Ashenzari
Cheibriados
Dithmenos
Elyvilon
Gozag
Hepliaklqana
Kikubaaqudgha
Makhleb
Okawaru
Qazlal
Ru
Sif Muna
Trog
Uskayaw
Wu Jian
Xom
Yredelemnul
Zin
The Shining One
Beogh
Jiyva

Shops:
D:11 ?   Orc:1 [=   Orc:2 *(}*(   Snake:2 [**

Portals:
Trove: D:15 (show abyssal rune of Zot)

Annotations:
D:8 2 runed translucent doors, exclusion: orange crystal statue
Lair:1 exclusion: oklob plant


Innate Abilities, Weirdness & Mutations

Your experience applies equally to all skills.
You have very sharp teeth.
Your uncanny sense of smell can sniff out nearby items.
You tend to lose your temper in combat.
Your spells are a little easier to cast, but a little less powerful.


Message History

The acid blob is severely wounded.
You slash the acid blob! The acid corrodes you!
Your hands burn!
The acid blob is severely wounded.
You block the acid blob's attack.
You hit the acid blob.
Your hands burn!
The acid blob is almost dead.
The acid blob hits you!
* * * LOW HITPOINT WARNING * * *
The acid corrodes you!
You are splashed with acid.
You resist.
* * * LOW HITPOINT WARNING * * *
You hit the acid blob.
Your hands burn!
* * * LOW HITPOINT WARNING * * *
The acid blob is almost dead.
You block the acid blob's attack.
You hit the acid blob but do no damage.
Your hands burn!
* * * LOW HITPOINT WARNING * * *
The acid blob is almost dead.
The acid blob hits you!!
You die...
Your body crumbles into a pile of gold.

#...>$$<..#.....
#............###...#
#...#..........###.##
.#.........$$.$.....#.
.............$$.......
............$$......#.
................#...#
##...........#.## ...
.....#...@....# ..
.........J......#
#.#..............
#.##............#
#........#.###
#.........##
#....#......
......#......


You could see an acid blob.

Vanquished Creatures
  An Ice Fiend (IceCv)
  Rupert (Lair:5)
  Roxanne (D:15)
  10 nagarajas
  Aizul (Snake:2)
  Nessos (Lair:5)
  Snorg (Orc:1)
  A dire elephant (Lair:6)
  An ettin (Orc:1)
  A yaktaur captain (D:15)
  Josephine (Lair:6)
  16 naga warriors
  A great orb of eyes (Slime:1)
  8 hydras
  5 vault guards
  10 anacondas
  3 catoblepae
  3 two-headed ogres
  A death knight (D:15)
  4 centaur warriors
  3 death yaks (Lair:6)
  7 naga sharpshooters
  7 orc high priests
  Sonja (Lair:2)
  7 shock serpents
  A salamander mystic (Snake:4)
  2 skeletal warriors (Volcano)
  10 naga ritualists
  A lindwurm (Lair:6)
  9 mana vipers
  2 phantasmal warriors (D:15)
  An orc knight (D:10)
  2 orc sorcerers
  2 shining eyes (Slime:1)
  11 ugly things
  2 oklob plants
  A wolf spider (D:15)
  7 salamanders
  5 manticores
  7 elephants
  10 guardian serpents
  4 cyclopes
  35 black mambas
  30 naga magi
  A torpor snail (Lair:4)
  An eye of devastation (Slime:1)
  9 spiny frogs
  4 gargoyles
  4 komodo dragons
  5 anaconda simulacra (IceCv)
  4 rime drakes
  2 efreet
  A golden dragon simulacrum (IceCv)
  3 freezing wraiths (IceCv)
  6 ice devils (IceCv)
  A jumping spider (shapeshifter) (D:15)
  4 trolls
  A harpy skeleton (Volcano)
  16 slime creatures
  11 blink frogs
  10 hippogriffs
  3 dream sheep (Lair:6)
  3 flying skulls (Volcano)
  2 meliai zombies
  A spriggan (D:8)
  A shadow (D:15)
  3 wyverns
  A dire elephant simulacrum (IceCv)
  54 yaks
  8 wraiths
  An alligator skeleton (Volcano)
  2 basilisks
  2 steam dragons
  5 hungry ghosts
  2 death yak simulacra (IceCv)
  6 wargs
  3 harpy simulacra (IceCv)
  57 nagas
  2 hydra simulacra (IceCv)
  An acid dragon (D:14)
  11 water moccasins
  An iron troll simulacrum (IceCv)
  12 porcupines
  2 phantoms
  5 sky beasts
  12 orc warriors
  2 ettin simulacra (IceCv)
  3 black bears
  5 ice beasts
  3 eyes of draining
  10 ogres
  2 alligator simulacra (IceCv)
  21 wolves
  11 centaurs
  11 crocodiles
  Blork the orc (D:6)
  3 big kobolds
  21 bullfrogs
  A water moccasin zombie (D:7)
  3 scorpions
  12 killer bees
  2 troll zombies (D:10)
  10 wights
  A swamp dragon simulacrum (IceCv)
  A troll skeleton (Volcano)
  4 howler monkeys
  7 crimson imps
  2 draconian simulacra (IceCv)
  3 jellies
  4 centaur zombies
  2 bullfrog zombies
  6 hounds
  2 bullfrog skeletons
  26 orc priests
  4 centaur skeletons
  An iguana (D:8)
  14 orc wizards
  7 worker ants
  A spriggan simulacrum (IceCv)
  4 troll simulacra (IceCv)
  3 centaur simulacra (IceCv)
  6 ogre zombies (D:10)
  2 naga skeletons (Volcano)
  A hound zombie (D:5)
  A hound skeleton (D:7)
  16 adders
  16 gnolls
  An ogre simulacrum (IceCv)
  4 river rats
  3 shadow imps
  5 white imps (IceCv)
  5 ufetubi (IceCv)
  3 oozes
  3 adder skeletons
  6 worms
  A dart slug (D:1)
  5 leopard geckos
  77 orcs
  9 bats
  5 giant cockroaches
  2 gnoll zombies (D:7)
  42 hobgoblins
  15 jackals
  5 quokkas
  6 ball pythons (Sewer)
  4 frilled lizards
  26 goblins
  A goblin skeleton (D:10)
  3 goblin zombies (D:10)
  A hobgoblin skeleton (D:10)
  2 hobgoblin zombies (D:10)
  32 kobolds
  A leopard gecko skeleton (D:5)
  A leopard gecko zombie (D:5)
  18 orc zombies (D:10)
  2 quokka skeletons (D:4)
  37 rats
  3 fungi
  A plant (Lair:1)
1105 creatures vanquished.

Vanquished Creatures (collateral kills)
  A naga sharpshooter (Snake:3)
  A mana viper (Snake:3)
  2 salamanders
  2 naga magi (Snake:4)
  A guardian serpent (Snake:4)
  4 nagas
11 creatures vanquished.

Vanquished Creatures (others)
  11 fungi
  9 plants
20 creatures vanquished.

Grand Total: 1136 creatures vanquished

Notes
Turn   | Place    | Note
-------+----------+-------------------------------------------
     0 | D:1      | Emblim88 the Gnoll Fighter began the quest for the Orb.
     0 | D:1      | Reached XP level 1. HP: 23/23 MP: 1/1
    84 | D:1      | Reached XP level 2. HP: 27/29 MP: 2/2
   490 | D:1      | Reached XP level 3. HP: 34/35 MP: 3/3
   971 | D:2      | Reached skill level 1 in Invocations
  1098 | D:2      | Reached skill level 1 in Short Blades
  1098 | D:2      | Reached skill level 1 in Long Blades
  1098 | D:2      | Reached skill level 1 in Axes
  1098 | D:2      | Reached skill level 1 in Polearms
  1098 | D:2      | Reached skill level 1 in Staves
  1098 | D:2      | Reached skill level 1 in Slings
  1098 | D:2      | Reached skill level 1 in Bows
  1098 | D:2      | Reached skill level 1 in Crossbows
  1098 | D:2      | Reached skill level 1 in Throwing
  1098 | D:2      | Reached skill level 1 in Dodging
  1098 | D:2      | Reached skill level 1 in Stealth
  1098 | D:2      | Reached skill level 1 in Unarmed Combat
  1098 | D:2      | Reached skill level 1 in Spellcasting
  1098 | D:2      | Reached skill level 1 in Evocations
  1114 | D:2      | Reached XP level 4. HP: 41/41 MP: 5/5
  1257 | D:2      | Reached skill level 1 in Conjurations
  1257 | D:2      | Reached skill level 1 in Hexes
  1257 | D:2      | Reached skill level 1 in Charms
  1257 | D:2      | Reached skill level 1 in Summonings
  1257 | D:2      | Reached skill level 1 in Necromancy
  1257 | D:2      | Reached skill level 1 in Translocations
  1257 | D:2      | Reached skill level 1 in Transmutations
  1257 | D:2      | Reached skill level 1 in Fire Magic
  1257 | D:2      | Reached skill level 1 in Ice Magic
  1257 | D:2      | Reached skill level 1 in Air Magic
  1257 | D:2      | Reached skill level 1 in Earth Magic
  1257 | D:2      | Reached skill level 1 in Poison Magic
  1530 | D:2      | Reached XP level 5. HP: 44/47 MP: 6/6
  2306 | D:3      | Found a glowing drain.
  2310 | Sewer    | Entered a sewer
  2425 | Sewer    | HP: 2/47 [rat (1)]
  2747 | Sewer    | Reached XP level 6. HP: 25/53 MP: 8/8
  3217 | Sewer    | Reached skill level 5 in Maces & Flails
  4311 | D:4      | Reached XP level 7. HP: 56/60 MP: 10/10
  5151 | D:5      | Entered Level 5 of the Dungeon
  5175 | D:5      | Got a bloodstained war axe
  5176 | D:5      | Identified the +6 war axe "Zauwaun" {pain, rC+} (You found
                  | it on level 5 of the Dungeon)
  5237 | D:5      | Reached XP level 8. HP: 42/67 MP: 12/12
  5266 | D:5      | Found a staircase to the Ecumenical Temple.
  5277 | Temple   | Entered the Ecumenical Temple
  5341 | Temple   | Became a worshipper of Gozag Ym Sagoz the Greedy
  5967 | D:6      | Noticed Blork the orc
  5977 | D:6      | Killed Blork the orc
  6569 | D:6      | Found a white marble altar of Elyvilon.
  6686 | D:6      | Reached XP level 9. HP: 72/72 MP: 14/14
  6745 | D:6      | Found a shimmering blue altar of Sif Muna.
  7205 | D:7      | Found a basalt altar of Yredelemnul.
  7385 | D:7      | Found an iron altar of Okawaru.
  7450 | D:7      | Found a sacrificial altar of Ru.
  7595 | D:8      | Found a runed translucent door.
  7602 | D:8      | Found the +10 tower shield of Ignorance {rN+ Int-4}
  7646 | D:8      | Found a runed translucent door.
  7646 | D:8      | Noticed an orange crystal statue
  7771 | D:8      | Found a stormy altar of Qazlal.
  8043 | D:8      | Found a glowing golden altar of the Shining One.
  8466 | D:9      | Reached skill level 5 in Invocations
  8714 | D:9      | Reached XP level 10. HP: 64/80 MP: 15/17
  8907 | D:9      | Found a staircase to the Lair.
  8999 | D:9      | Reached skill level 5 in Short Blades
  8999 | D:9      | Reached skill level 5 in Long Blades
  8999 | D:9      | Reached skill level 5 in Axes
  8999 | D:9      | Reached skill level 5 in Polearms
  8999 | D:9      | Reached skill level 5 in Staves
  8999 | D:9      | Reached skill level 5 in Slings
  8999 | D:9      | Reached skill level 5 in Bows
  8999 | D:9      | Reached skill level 5 in Crossbows
  8999 | D:9      | Reached skill level 5 in Throwing
  8999 | D:9      | Reached skill level 5 in Dodging
  8999 | D:9      | Reached skill level 5 in Stealth
  8999 | D:9      | Reached skill level 5 in Unarmed Combat
  8999 | D:9      | Reached skill level 5 in Spellcasting
  8999 | D:9      | Reached skill level 5 in Evocations
  9002 | D:9      | Got a translucent quarterstaff
  9131 | D:10     | Entered Level 10 of the Dungeon
  9568 | D:10     | Learned a level 2 spell: Blink
  9711 | D:10     | Found a snail-covered altar of Cheibriados.
  9799 | D:10     | Noticed an orc sorcerer
  9801 | D:10     | Found a staircase to the Orcish Mines.
  9826 | D:10     | Killed an orc sorcerer
 10041 | D:10     | Got a warped dagger
 10184 | D:10     | Noticed a manticore
 10190 | D:10     | Killed a manticore
 10257 | D:10     | Identified the +3 dagger "Ytuifr Qeeng" {flame, +Blink rN+}
                  | (You found it on level 10 of the Dungeon)
 10295 | D:11     | Found a burning altar of Makhleb.
 10298 | D:11     | Reached XP level 11. HP: 85/87 MP: 19/19
 10721 | D:11     | Reached skill level 5 in Conjurations
 10721 | D:11     | Reached skill level 5 in Hexes
 10721 | D:11     | Reached skill level 5 in Charms
 10721 | D:11     | Reached skill level 5 in Summonings
 10721 | D:11     | Reached skill level 5 in Necromancy
 10721 | D:11     | Reached skill level 5 in Translocations
 10721 | D:11     | Reached skill level 5 in Transmutations
 10721 | D:11     | Reached skill level 5 in Fire Magic
 10721 | D:11     | Reached skill level 5 in Ice Magic
 10721 | D:11     | Reached skill level 5 in Air Magic
 10721 | D:11     | Reached skill level 5 in Earth Magic
 10721 | D:11     | Reached skill level 5 in Poison Magic
 10753 | D:11     | Noticed a purple ugly thing
 10774 | D:11     | Killed a purple ugly thing
 10820 | D:11     | Identified the +1 buckler of a volcano {MR+ Int+8}
 11191 | D:11     | Noticed a six-headed hydra
 11199 | D:11     | Killed a six-headed hydra
 11349 | D:11     | Found Muodof's Magic Scroll Boutique.
 11352 | D:11     | Bought a scroll of identify for 32 gold pieces
 11352 | D:11     | Bought a scroll of identify for 32 gold pieces
 11352 | D:11     | Bought a scroll of fear for 56 gold pieces
 11352 | D:11     | Bought a scroll of identify for 32 gold pieces
 11352 | D:11     | Bought a scroll of enchant armour for 120 gold pieces
 11352 | D:11     | Bought a scroll of fear for 56 gold pieces
 11352 | D:11     | Bought a scroll of identify for 32 gold pieces
 11352 | D:11     | Bought a scroll of teleportation for 48 gold pieces
 11813 | D:12     | Noticed a manticore
 11829 | D:12     | Killed a manticore
 11903 | D:12     | Noticed a cyclops
 11915 | D:12     | Killed a cyclops
 11941 | D:12     | Noticed a cyan ugly thing
 11958 | D:12     | Killed a cyan ugly thing
 12472 | D:13     | Noticed a six-headed hydra
 12964 | D:13     | Noticed a catoblepas
 12977 | D:13     | Killed a catoblepas
 13234 | D:13     | Reached XP level 12. HP: 70/96 MP: 22/22
 13341 | D:13     | Noticed a two-headed ogre
 13349 | D:13     | Killed a two-headed ogre
 13420 | D:13     | Found a gate to the Vaults.
 13420 | D:13     | Noticed a vault guard
 13420 | D:13     | Noticed a vault guard
 13420 | D:13     | Noticed a vault guard
 13655 | D:9      | Identified the cursed +0 quarterstaff of the Lamprey
                  | {freeze, *Drain +Inv Str+4 SInv} (You found it on level 9
                  | of the Dungeon)
 13656 | D:9      | Identified a scroll of acquirement
 13662 | Lair:1   | Entered Level 1 of the Lair of Beasts
 14321 | Lair:1   | Noticed a seven-headed hydra
 14327 | Lair:1   | Learned a level 2 spell: Ensorcelled Hibernation
 14335 | Lair:1   | Killed a seven-headed hydra
 14776 | Lair:2   | Got a fine dagger
 14777 | Lair:2   | Identified the +2 hat of the True Pharaoh {rElec rC+ MR+}
                  | (You acquired it on level 2 of the Lair of Beasts)
 14777 | Lair:2   | Identified Sif Muna's Reference Book on Flight and Moulding
                  | (You acquired it on level 2 of the Lair of Beasts)
 14798 | Lair:2   | Noticed Sonja
 14807 | Lair:2   | Killed Sonja
 14942 | Lair:2   | Got a crude leather armour
 15099 | Lair:2   | Got a jewelled hand crossbow
 15244 | Lair:2   | Got a crystal long sword
 15281 | Lair:2   | Reached skill level 10 in Fighting
 15281 | Lair:2   | Reached skill level 10 in Armour
 15281 | Lair:2   | Reached skill level 10 in Shields
 15568 | Lair:2   | Identified the +5 dagger "Qigg" {vorpal, +Fly rPois MR+}
                  | (You found it on level 2 of the Lair of Beasts)
 15569 | Lair:2   | Identified the +1 hand crossbow of Pestilence {freeze,
                  | Dex+4} (You found it on level 2 of the Lair of Beasts)
 15628 | Lair:2   | Identified the +11 long sword of Income {holy, rElec Str+3}
                  | (You found it on level 2 of the Lair of Beasts)
 15959 | Lair:2   | Identified the +0 leather armour "Quc Tod" {-Cast +Fly rN++
                  | Dex+2} (You found it on level 2 of the Lair of Beasts)
 15982 | Lair:2   | Noticed an eight-headed hydra
 16013 | Lair:2   | Killed an eight-headed hydra
 16013 | Lair:2   | Reached XP level 13. HP: 29/103 MP: 24/24
 16799 | Lair:3   | Found a staircase to the Swamp.
 17359 | Lair:3   | Learned a level 3 spell: Mephitic Cloud
 17364 | Lair:3   | Learned a level 4 spell: Cause Fear
 17368 | Lair:3   | Learned a level 3 spell: Frozen Ramparts
 18012 | Lair:4   | Learned a level 2 spell: Slow
 18017 | Lair:4   | Learned a level 4 spell: Leda's Liquefaction
 18092 | Lair:4   | Found a staircase to the Snake Pit.
 18808 | Lair:5   | Found a dark tunnel.
 18824 | Volcano  | Entered a volcano
 19056 | Volcano  | Learned a level 4 spell: Hailstorm
 19314 | Lair:5   | Learned a level 1 spell: Infusion
 19317 | Lair:5   | Learned a level 2 spell: Song of Slaying
 19320 | Lair:5   | Learned a level 2 spell: Shroud of Golubria
 19355 | Lair:5   | Noticed Rupert
 19355 | Lair:5   | Noticed Nessos
 19367 | Lair:5   | Killed Nessos
 19373 | Lair:5   | Killed Rupert
 19373 | Lair:5   | Reached XP level 14. HP: 75/111 MP: 26/26
 19729 | Lair:5   | Found a staircase to the Slime Pits.
 19858 | Lair:6   | Entered Level 6 of the Lair of Beasts
 19944 | Lair:6   | Noticed a dire elephant
 19948 | Lair:6   | Reached skill level 10 in Maces & Flails
 20554 | Lair:6   | Killed a dire elephant
 20582 | Lair:6   | Noticed Josephine
 20598 | Lair:6   | Killed Josephine
 21650 | Lair:6   | Found a bloodstained altar of Trog.
 21788 | Lair:6   | Reached skill level 10 in Invocations
 22529 | Lair:6   | Found the +3 pair of gauntlets of War {Slay+5}
 23402 | Orc:1    | Entered Level 1 of the Orcish Mines
 23948 | Orc:1    | Found Wiroce Zyqa's Jewellery Boutique.
 24004 | Orc:1    | Found a roughly hewn altar of Beogh.
 24137 | Orc:1    | Bought an amethyst-encrusted ring mail for 162 gold pieces
 24137 | Orc:1    | Bought the +2 cloak of the Thief {+Fog Slay-2 SInv Stlth+}
                  | for 361 gold pieces
 24137 | Orc:1    | Found the +2 cloak of the Thief {+Fog Slay-2 SInv Stlth+}
 24161 | Orc:1    | Identified the +5 ring mail of Ehotaoc {+Blink} (You bought
                  | it in a shop on level 1 of the Orcish Mines)
 24168 | Orc:2    | Entered Level 2 of the Orcish Mines
 24221 | Orc:2    | Found a staircase to the Elven Halls.
 24340 | Orc:2    | Found Wyrat's Weapon Boutique.
 24367 | Orc:2    | Bought the +10 trident "Guawee" {vorpal, MP+9 Int+4 Stlth+}
                  | for 1015 gold pieces
 24452 | Orc:2    | Found Tutozablis's Gadget Boutique.
 24452 | Orc:2    | HP: 2/113 [orc priest/divine providence (14)]
 24715 | Orc:1    | Noticed Snorg
 24741 | Orc:1    | Killed Snorg
 25343 | Orc:2    | Reached XP level 15. HP: 78/119 MP: 28/28
 25512 | Orc:2    | Found a roughly hewn altar of Beogh.
 25530 | Orc:2    | Found Boine's General Store.
 25550 | Orc:2    | Bought a wand of digging (2) for 156 gold pieces
 25600 | Orc:2    | Bought a box of beasts for 320 gold pieces
 25600 | Orc:2    | Bought a lightning rod (4/4) for 640 gold pieces
 25600 | Orc:2    | Bought a wand of iceblast (9) for 208 gold pieces
 26839 | Orc:2    | Found Tonemuif's General Store.
 26839 | Orc:2    | Found Ticeiq's Weapon Emporium.
 27223 | Snake:1  | Entered Level 1 of the Snake Pit
 27406 | Snake:1  | Found a frozen archway.
 27414 | IceCv    | Entered an ice cave
 28303 | IceCv    | Noticed an Ice Fiend
 28335 | IceCv    | Killed an Ice Fiend
 28648 | Snake:1  | Reached skill level 10 in Short Blades
 28648 | Snake:1  | Reached skill level 10 in Long Blades
 28648 | Snake:1  | Reached skill level 10 in Axes
 28648 | Snake:1  | Reached skill level 10 in Polearms
 28648 | Snake:1  | Reached skill level 10 in Staves
 28648 | Snake:1  | Reached skill level 10 in Slings
 28648 | Snake:1  | Reached skill level 10 in Bows
 28648 | Snake:1  | Reached skill level 10 in Crossbows
 28648 | Snake:1  | Reached skill level 10 in Throwing
 28648 | Snake:1  | Reached skill level 10 in Dodging
 28648 | Snake:1  | Reached skill level 10 in Stealth
 28648 | Snake:1  | Reached skill level 10 in Unarmed Combat
 28648 | Snake:1  | Reached skill level 10 in Spellcasting
 28648 | Snake:1  | Reached skill level 10 in Evocations
 28683 | Snake:1  | HP: 6/120 [poisoned by a naga mage (poison arrow)]
 28689 | Snake:1  | HP: 6/120 [poisoned by a naga mage (poison arrow)]
 30736 | Snake:2  | Found Ophoc's Antique Armour Emporium.
 30750 | Snake:2  | Bought bloodstained gold dragon scales for 3060 gold pieces
 30768 | Snake:2  | Identified the +6 gold dragon scales of Indomitability
                  | {rElec rPois rF+ rC+ Int-4 Stlth+} (You bought it in a shop
                  | on level 2 of the Snake Pit)
 30824 | Snake:2  | Found Rauthoum's Assorted Antiques.
 30825 | Snake:2  | Found Fonikk's General Store.
 31013 | Snake:2  | Noticed Aizul
 31028 | Snake:2  | Killed Aizul
 31179 | Snake:2  | Reached XP level 16. HP: 105/127 MP: 25/30
 31276 | Snake:2  | Noticed a nagaraja
 31371 | Snake:2  | Killed a nagaraja
 32308 | Snake:3  | Noticed a nagaraja
 32328 | Snake:3  | Killed a nagaraja
 33117 | Snake:4  | Entered Level 4 of the Snake Pit
 33143 | Snake:4  | Upgraded the game from 0.25-a0-603-g0321be95db to
                  | 0.25-a0-617-g20d90ebb82
 34953 | Snake:4  | Noticed a nagaraja
 35008 | Snake:4  | Noticed a nagaraja
 35369 | Snake:4  | Killed a nagaraja
 35497 | Snake:4  | Noticed a nagaraja
 35506 | Snake:4  | Reached XP level 17. HP: 107/135 MP: 32/32
 39507 | Snake:4  | Got a serpentine rune of Zot
 41153 | D:14     | Found an opulent altar of Gozag.
 41395 | D:15     | Entered Level 15 of the Dungeon
 41590 | D:15     | Reached skill level 10 in Conjurations
 41590 | D:15     | Reached skill level 10 in Hexes
 41590 | D:15     | Reached skill level 10 in Charms
 41590 | D:15     | Reached skill level 10 in Summonings
 41590 | D:15     | Reached skill level 10 in Necromancy
 41590 | D:15     | Reached skill level 10 in Translocations
 41590 | D:15     | Reached skill level 10 in Transmutations
 41590 | D:15     | Reached skill level 10 in Fire Magic
 41590 | D:15     | Reached skill level 10 in Ice Magic
 41590 | D:15     | Reached skill level 10 in Air Magic
 41590 | D:15     | Reached skill level 10 in Earth Magic
 41590 | D:15     | Reached skill level 10 in Poison Magic
 41673 | D:15     | Noticed Roxanne
 41705 | D:15     | Killed Roxanne
 42006 | D:15     | Learned a level 2 spell: Swiftness
 42107 | D:15     | Reached XP level 18. HP: 143/143 MP: 33/33
 42113 | D:15     | Found a portal to a secret trove of treasure.
 42611 | D:15     | Found a staircase to the Depths.
 43180 | Slime:1  | Entered Level 1 of the Pits of Slime
 43180 | Slime:1  | Found a viscous altar of Jiyva.
 43185 | Slime:1  | Gained mutation: You tend to lose your temper in combat. [a
                  | shining eye]
 43189 | Slime:1  | Gained mutation: Your spells are a little easier to cast,
                  | but a little less powerful. [a shining eye]
 43309 | Slime:1  | Slain by an acid blob

Levels and vault maps discovered:
D:1:      dpeg_arrival_simpleton_c, layout_loops_ring, minmay_hexomino_f4
D:2:      layout_basic
D:3:      layout_loops_ring, gup_sewer_entry_bowl,
          chequers_serial_rivers_large_a
D:4:      minmay_goblin_kobold_castle, layout_loops_ring
D:5:      layout_loops_ring, minmay_temple_entry_waves, first_ration,
          serial_bayou_lake_a
D:6:      layout_basic, elyvilon_altar_5, tgw_sif, uniq_blork_the_orc
D:7:      layout_basic, lemuel_zombie_altar_yredelemnul,
          nicolae_overflow_hidden_temple, nicolae_ru_path_of_blood
D:8:      layout_loops_cross, nicolae_tso_swordbearing_angel,
          nicolae_overflow_crystal_walls, the_bakery,
          chequers_guarded_unrand_ignorance
D:9:      layout_basic, grunt_lair_entry_orc_guard_hut
D:10:     layout_loops_ring, zombieorc2_lemuel, cheibriados_altar_1
D:11:     layout_roguey, serial_glass, glass_columns_b, glass_columns_c,
          serial_shops, kennysheep_mini_moat, bloody_makhleb
D:12:     layout_basic
D:13:     layout_cave_pods, lightli_vaults_fourway_checkpoint
D:14:     layout_basic, chequers_serial_rivers_small_3,
          nicolae_gozag_cash_rules_everything_around_me
D:15:     grunt_enter_depths_snipers, layout_long_grid,
          hangedman_decor_diamond_cutter, enter_trove_5, uniq_roxanne
Temple:   cyrus_circular_temple
Lair:1:   layout_loops_ring, st_stairs_9, beast_lair_carwin_2,
          lemuel_fruit_tree, grunt_megastairs_3, minmay_lair_oklob_chamber
Lair:2:   cheibrodos_lair_river_kwai, layout_loops_ring, uniq_sonja
Lair:3:   layout_roguey, swamp_mist_pool, grunt_megastairs_2
Lair:4:   layout_roguey, guppyfry_snake_entry_garden
Lair:5:   layout_misc_corridors, minmay_slime_entry_oklob_enclosed,
          nicolae_volcano_entry_s_turn, uniq_rupert, uniq_nessos
Lair:6:   hangedman_lair_in_review, layout_gridlike, lemuel_oklob_altar,
          uniq_josephine
Snake:1:  layout_honeycomb, portal_ice_cave_entry_pillars_1
Snake:2:  layout_honeycomb, serial_shops, shop, shop_fountains,
          nicolae_shop_overgrown_old_shop, uniq_aizul
Snake:3:  layout_grid_maze, guppyfry_library_mini
Snake:4:  johnstein_snake_rune_scales, layout_cave_town
Slime:1:  layout_caves, basic_altar
Orc:1:    layout_caves, serial_shops, shop, nicolae_orc_lost_temple, uniq_snorg
Orc:2:    st_orc_town, layout_caves, serial_shops, nicolae_shop_crystal

Skill      XL: |  1  2  3  4  5  6  7  8  9 10 11 12 13 14 15 16 17 |
---------------+----------------------------------------------------+-----
Invocations    | 1 2 3 4 5 6 7 8 9 10 11 12 | 12.8
Short Blades   | 1 2 3 4 5 6 7 8 9 10 11 | 11.8
Long Blades    | 1 2 3 4 5 6 7 8 9 10 11 | 11.8
Axes           | 1 2 3 4 5 6 7 8 9 10 11 | 11.8
Polearms       | 1 2 3 4 5 6 7 8 9 10 11 | 11.8
Staves         | 1 2 3 4 5 6 7 8 9 10 11 | 11.8
Slings         | 1 2 3 4 5 6 7 8 9 10 11 | 11.8
Bows           | 1 2 3 4 5 6 7 8 9 10 11 | 11.8
Crossbows      | 1 2 3 4 5 6 7 8 9 10 11 | 11.8
Throwing       | 1 2 3 4 5 6 7 8 9 10 11 | 11.8
Dodging        | 1 2 3 4 5 6 7 8 9 10 11 | 11.8
Stealth        | 1 2 3 4 5 6 7 8 9 10 11 | 11.8
Unarmed Combat | 1 2 3 4 5 6 7 8 9 10 11 | 11.8
Spellcasting   | 1 2 3 4 5 6 7 8 9 10 11 | 11.8
Evocations     | 1 2 3 4 5 6 7 8 9 10 11 | 11.8
Conjurations   | 1 2 3 4 5 6 7 8 9 10 | 10.1
Hexes          | 1 2 3 4 5 6 7 8 9 10 | 10.1
Charms         | 1 2 3 4 5 6 7 8 9 10 | 10.1
Summonings     | 1 2 3 4 5 6 7 8 9 10 | 10.1
Necromancy     | 1 2 3 4 5 6 7 8 9 10 | 10.1
Translocations | 1 2 3 4 5 6 7 8 9 10 | 10.1
Transmutations | 1 2 3 4 5 6 7 8 9 10 | 10.1
Fire Magic     | 1 2 3 4 5 6 7 8 9 10 | 10.1
Ice Magic      | 1 2 3 4 5 6 7 8 9 10 | 10.1
Air Magic      | 1 2 3 4 5 6 7 8 9 10 | 10.1
Earth Magic    | 1 2 3 4 5 6 7 8 9 10 | 10.1
Poison Magic   | 1 2 3 4 5 6 7 8 9 10 | 10.1
Maces & Flails | 5 6 7 8 9 10 11 12 | 12.6
Fighting       | 7 8 9 10 11 12 13 | 13.2
Armour         | 7 8 9 10 11 12 13 | 13.2
Shields        | 7 8 9 10 11 12 13 | 13.2

Action                   |  1- 3 |  4- 6 |  7- 9 | 10-12 | 13-15 | 16-18 || total
-------------------------+-------+-------+-------+-------+-------+-------++-------
Melee: Flail             |    91 |   353 |   178 |       |       |       ||   622
       Bite              |     6 |    33 |    53 |    89 |   236 |   245 ||   662
       War axe           |       |       |   225 |   635 |       |       ||   860
       Dagger            |       |       |       |    39 |   260 |       ||   299
       Long sword        |       |       |       |     9 |   987 |  1041 ||  2037
       Trident           |       |       |       |       |       |   130 ||   130
 Fire: Hunting sling     |     4 |       |       |       |       |       ||     4
       Hand crossbow     |       |       |       |       |     8 |   193 ||   201
Throw: Dart              |       |       |    11 |    11 |    46 |     3 ||    71
       Stone             |       |       |       |     1 |       |       ||     1
 Cast: Ensorcelled Hiber |       |       |       |     2 |     7 |       ||     9
       Blink             |       |       |       |     1 |       |       ||     1
       Frozen Ramparts   |       |       |       |       |    11 |       ||    11
       Slow              |       |       |       |       |     4 |       ||     4
       Infusion          |       |       |       |       |    17 |    10 ||    27
       Shroud of Golubri |       |       |       |       |    14 |    21 ||    35
       Song of Slaying   |       |       |       |       |     5 |       ||     5
       Hailstorm         |       |       |       |       |     1 |       ||     1
Invok: Call Merchant     |       |       |       |       |     1 |       ||     1
 Abil: Evoke Blink       |       |       |       |       |     5 |       ||     5
       Evoke Fog         |       |       |       |       |     2 |       ||     2
Evoke: Lamp of fire      |       |       |       |     2 |     3 |     2 ||     7
       Wand              |       |       |       |    22 |    42 |    17 ||    81
       Sack of spiders   |       |       |       |       |     1 |       ||     1
       Lightning rod     |       |       |       |       |     4 |    15 ||    19
       Phial of floods   |       |       |       |       |       |     2 ||     2
       Box of beasts     |       |       |       |       |       |     1 ||     1
  Use: Potion            |       |     3 |       |     2 |    27 |    10 ||    42
       Scroll            |       |       |    17 |    18 |    24 |     7 ||    66
 Stab: Distracted        |       |       |     2 |     6 |    14 |     7 ||    29
       Sleeping          |       |       |       |     4 |     5 |       ||     9
       Paralysed         |       |       |       |     9 |       |       ||     9
       Invisible         |       |       |       |       |     9 |       ||     9
  Eat: Chunk             |     1 |    11 |     4 |       |       |       ||    16
       Ration            |       |       |     4 |     9 |    15 |    11 ||    39
Armor: Scale mail        |    35 |   200 |   125 |   136 |       |       ||   496
       Plate armour      |       |       |       |    82 |   291 |       ||   373
       Leather armour    |       |       |       |     3 |     3 |       ||     6
       Ring mail         |       |       |       |       |   125 |       ||   125
       Gold dragon scale |       |       |       |       |    25 |   516 ||   541
Dodge: Dodged            |    28 |   157 |   126 |   302 |   615 |   336 ||  1564
Block: Kite shield       |    51 |   294 |   259 |   399 |   810 |   767 ||  2580
       Rpst.: Long sword |       |       |       |     2 |   113 |    61 ||   176

Table legend:
 A = Non-vault XP
 B = Vault XP
 C = Vault XP percentage of total XP
 D = Non-vault monster count
 E = Vault monster count
 F = Vault count percentage of total count
                 A         B        C        D         E       F
            +---------+---------+-------+---------+---------+-------
      Total |  150788 |  108499 |  41.8 |     676 |     436 |  39.2
            +---------+---------+-------+---------+---------+-------
        D:1 |      37 |       3 |   7.5 |      22 |       3 |  12.0
        D:2 |     142 |       0 |   0.0 |      29 |       0 |   0.0
        D:3 |      96 |      19 |  16.5 |      30 |       3 |   9.1
        D:4 |     225 |     338 |  60.0 |      11 |      70 |  86.4
        D:5 |     598 |       0 |   0.0 |      24 |       0 |   0.0
        D:6 |     433 |     131 |  23.2 |      11 |       2 |  15.4
        D:7 |     490 |       3 |   0.6 |      18 |       2 |  10.0
        D:8 |     681 |     229 |  25.2 |      16 |       1 |   5.9
        D:9 |    1628 |     682 |  29.5 |      26 |       6 |  18.8
       D:10 |    3483 |    1241 |  26.3 |      33 |      36 |  52.2
       D:11 |    4269 |       0 |   0.0 |      25 |       0 |   0.0
       D:12 |    3162 |       0 |   0.0 |      17 |       0 |   0.0
       D:13 |    4880 |    6024 |  55.2 |      32 |      12 |  27.3
       D:14 |    7657 |       0 |   0.0 |      31 |       0 |   0.0
       D:15 |   13702 |    5613 |  29.1 |      31 |       5 |  13.9
     Lair:1 |    3579 |    1487 |  29.4 |      13 |       9 |  40.9
     Lair:2 |    3609 |    3650 |  50.3 |      18 |       8 |  30.8
     Lair:3 |    7273 |     111 |   1.5 |      28 |       1 |   3.4
     Lair:4 |    5068 |     651 |  11.4 |      27 |       4 |  12.9
     Lair:5 |    2750 |    5128 |  65.1 |      11 |       3 |  21.4
     Lair:6 |    7398 |   14159 |  65.7 |      29 |      28 |  49.1
    Snake:1 |   17682 |       0 |   0.0 |      38 |       0 |   0.0
    Snake:2 |   10761 |    1515 |  12.3 |      20 |       1 |   4.8
    Snake:3 |   16861 |    6339 |  27.3 |      32 |      12 |  27.3
    Snake:4 |   24971 |   37912 |  60.3 |      52 |      59 |  53.2
    Slime:1 |    5765 |       0 |   0.0 |      17 |       0 |   0.0
      Orc:1 |    2833 |    2315 |  45.0 |      22 |      15 |  40.5
      Orc:2 |     755 |    6128 |  89.0 |      13 |      44 |  77.2
      Sewer |       0 |     210 | 100.0 |       0 |      48 | 100.0
      IceCv |       0 |   10765 | 100.0 |       0 |      51 | 100.0
    Volcano |       0 |    3846 | 100.0 |       0 |      13 | 100.0
            +---------+---------+-------+---------+---------+-------
